 Dungeon Crawl Stone Soup version 0.17-a0-725-gfa8c127 (console) character file.

5561 MarvinPA the Chiller (level 10, 0/71 HPs)
             Began as a Mummy Ice Elementalist on Apr 19, 2015.
             Was an Initiate of Gozag.
             Slain by a yak (17 damage)
             ... on level 9 of the Dungeon on Apr 20, 2015.
             The game lasted 00:35:07 (17555 turns).

MarvinPA the Chiller (Mummy Ice Elementalist)      Turns: 17555, Time: 00:35:07

Health: 0/71       AC:  8    Str: 12    XL:     10   Next: 44%
Magic:  2/19       EV: 13    Int: 21    God:    Gozag
Gold:   1305       SH:  0    Dex: 13    Spells: 7 memorised, 2 levels left

rFire  x . .     SeeInvis .     a - +2 dagger (elec)
rCold  + . .     Clarity  .     z - +2 robe {rN+}
rNeg   + + +     SustAb   .     (no shield)
rPois  ∞         Gourm    .     h - +0 helmet
rElec  .         Spirit   .     r - +0 cloak
rCorr  +         Warding  .     C - +1 pair of gloves
rMut   .         Stasis   .     (no boots)
MR     +....                    n - amulet of resist corrosion
Stlth  ++........               i - +4 ring of intelligence
                                v - ring of wizardry

@: somewhat resistant to hostile enchantments, unstealthy
A: no food or potions, fire vulnerability, cold resistance 1, negative energy
resistance 3, torment resistance, unbreathing
a: Potion Petition, Call Merchant, Bribe Branch, Renounce Religion


You were on level 9 of the Dungeon.
You worshipped Gozag.
Gozag was noncommittal.
You were not hungry.

You visited 1 branch of the dungeon, and saw 10 of its levels.

You collected 2600 gold pieces.
You paid 1295 gold pieces to Gozag.


Innate Abilities, Weirdness & Mutations

You do not eat or drink.
Your flesh is vulnerable to fire.
You are immune to poison.
Your flesh is cold resistant.
You are immune to negative energy.
You are immune to unholy pain and torment.
You can survive without breathing.


   Skills:
 + Level 3.9 Fighting
 + Level 3.9 Dodging
 - Level 1.5 Stealth
 - Level 6.1 Spellcasting
 - Level 6.0 Conjurations
 - Level 2.8 Charms
 - Level 3.0 Summonings
 - Level 3.0 Translocations
 - Level 6.8 Ice Magic
 - Level 2.8 Air Magic


You had 2 spell levels left.
You knew the following spells:

 Your Spells              Type           Power        Failure   Level  Hunger
a - Ozocubu's Armour      Chrm/Ice       ####....     1%          3    N/A
b - Blink                 Tloc           N/A          1%          2    N/A
c - Throw Icicle          Conj/Ice       ####....     4%          4    N/A
v - Summon Ice Beast      Ice/Summ       ####....     7%          4    N/A
x - Throw Frost           Conj/Ice       ####..       1%          2    N/A
z - Freeze                Ice            ####         1%          1    N/A
C - Mephitic Cloud        Conj/Pois/Air  ###.....     4%          3    N/A

Inventory:

Hand weapons
 a - a +2 dagger of electrocution (weapon)
 b - a +2 flail of protection
 c - a +0 dagger of flaming
Armour
 h - a +0 helmet (worn)
 r - a +0 cloak (worn)
 z - a +2 robe of positive energy (worn)
 C - a +1 pair of gloves (worn)
Jewellery
 i - a +4 ring of intelligence (right hand)
 k - an uncursed amulet of faith {!P}
 n - an amulet of resist corrosion (around neck)
 v - a ring of wizardry (left hand)
Magical devices
 q - a wand of digging (16)
 u - a wand of flame (15)
 x - a wand of paralysis (13)
Scrolls
 e - 4 scrolls of magic mapping
 f - 4 scrolls of remove curse
 g - 5 scrolls of teleportation {@r4}
 j - a scroll of blinking
 o - a scroll of enchant armour
 p - 2 scrolls of fog
 w - a scroll of recharging
 A - 2 scrolls of identify {@r1}
Books
 m - a book of Minor Magic

   Spells                             Type                      Level
   a - Magic Dart                     Conjuration                  1
   b - Blink                          Translocation                2
   c - Call Imp                       Summoning                    2
   d - Repel Missiles                 Charms/Air                   2
   e - Slow                           Hexes                        2
   f - Conjure Flame                  Conjuration/Fire             3
   g - Mephitic Cloud                 Conjuration/Poison/Air       3
 s - a book of Frost

   Spells                             Type                      Level
   a - Freeze                         Ice                          1
   b - Throw Frost                    Conjuration/Ice              2
   c - Ozocubu's Armour               Charms/Ice                   3
   d - Throw Icicle                   Conjuration/Ice              4
   e - Summon Ice Beast               Ice/Summoning                4
   f - Condensation Shield            Ice                          4
 t - a book of Changes

   Spells                             Type                      Level
   a - Beastly Appendage              Transmutation                1
   b - Sticks to Snakes               Transmutation                2
   c - Spider Form                    Transmutation/Poison         3
   d - Ice Form                       Ice/Transmutation            4
   e - Blade Hands                    Transmutation                5
 B - a book of Unlife

   Spells                             Type                      Level
   a - Recall                         Summoning/Translocation      3
   b - Animate Dead                   Necromancy                   4
   c - Control Undead                 Necromancy                   4
   d - Cigotuvi's Embrace             Necromancy                   5
   e - Death Channel                  Necromancy                   6
   f - Simulacrum                     Ice/Necromancy               6

Dungeon Overview and Level Annotations

Branches:
Dungeon (10/15)            Temple (0/1) D:6
   Lair: D:8-11         Orc: D:9-12

Altars:
Cheibriados
Dithmenos
Gozag
Makhleb
Nemelex Xobeh
Okawaru
Sif Muna
Trog
Xom
Yredelemnul
Zin

Shops:
D:10 :   D:13 *

Annotations:
D:9 Psyche

....▒...▒▒▒▒▒▒▒▒'▒.▒.▒.▒▒.▒▒▒▒▒▒▒
▒..........▒ ▒.▒.▒.▒.▒▒.▒▒▒▒▒▒▒
....▒.▒....▒ ▒.▒.▒.▒.▒▒........
....▒.▒....▒ ▒.▒...▒........▒▒▒
....▒.▒▒▒▒▒▒▒▒ ▒.▒▒▒▒▒▒▒▒▒▒▒▒.▒..
....▒.▒.%....▒ ▒.▒ ▒.▒.▒
....▒.▒......▒ ▒Y▒ ▒▒▒▒▒.▒.▒
.[..▒.▒......▒ ▒Y▒▒▒▒ ▒▒▒.....▒..
....▒.▒......▒ ▒MYY.▒ ▒......▒▒▒▒
....'.▒......▒ ▒.▒▒.▒ ▒.....(▒▒..
....▒▒▒......▒▒▒▒▒▒.▒ ▒......▒▒.▒
..).▒ ▒.............▒ ▒......▒▒.▒
▒▒▒.▒ ▒......▒▒▒...▒▒ ▒......▒▒.▒
▒.▒ ▒......▒ ▒...▒ ▒......▒▒.▒
▒.▒ ▒......▒ ▒...▒ ▒.....(▒▒.▒
▒.▒ ▒..(...▒ ▒...▒ ▒.....(▒▒.▒
▒▒▒.▒ ▒......▒ ▒▒▒▒▒ ▒.........▒


You could see 3 yaks and a friendly ice beast.


Message History

A chill wind blows around you.
You hit the yak but do no damage.
The yak is severely wounded.
The yak is distracted by your gold.
Your ice beast hits the yak but does no damage.
The yak is no longer distracted by gold.
You barely miss the yak.
The yak is severely wounded.
The yak barely misses you. The yak gores you!
* * * LOW HITPOINT WARNING * * *
Your ice beast hits the yak but does no damage.
Aiming: Freeze
Aim: a yak (severely wounded)
You freeze the yak.
The yak is almost dead.
The yak completely misses you. The yak gores you!
* * * LOW HITPOINT WARNING * * *
Your ice beast hits the yak but does no damage.
Unknown command.
Unknown command.
Cast which spell?
Aiming: Freeze
Aim: a yak (almost dead)
You freeze the yak.
The yak is almost dead.
The yak gores you.
* * * LOW HITPOINT WARNING * * *
The yak gores you!
You die...
Your body crumbles into a pile of gold.

Action                   |  1- 3 |  4- 6 |  7- 9 | 10-12 || total
-------------------------+-------+-------+-------+-------++-------
Melee: Unarmed           |    10 |    27 |       |       ||    37
       Spear             |       |     4 |       |       ||     4
       Flail             |       |       |    28 |       ||    28
       Whip              |       |       |     6 |       ||     6
       Dagger            |       |       |   111 |    44 ||   155
 Cast: Freeze            |    74 |   103 |   157 |    45 ||   379
       Throw Frost       |     6 |    71 |   112 |    30 ||   219
       Ozocubu's Armour  |       |     1 |     8 |     3 ||    12
       Throw Icicle      |       |       |    23 |    31 ||    54
       Summon Ice Beast  |       |       |    23 |     8 ||    31
Invok: Call Merchant     |       |       |       |     2 ||     2
Evoke: Wand              |       |       |     1 |       ||     1
  Use: Scroll            |       |     1 |    14 |     3 ||    18
 Stab: Distracted        |       |       |     3 |       ||     3

Vault maps used:
D:1:      dpeg_arrival_chase, serial_glass, glass_columns_a, glass_columns_c
D:2:      led_sif_pool, uniq_robin
D:3:      grunt_temple_overflow_diamond, nemelex_deck, xom_teletrap_fun,
          st_stairs_14, hangedman_decor_clover_reticule
D:4:      lemuel_round_altar, first_bread
D:6:      kennysheep_mini, beetle_altar_1, minmay_temple_entry_nine_rooms,
          nicolae_gozag_seed_capital, uniq_duvessa
D:7:      lemuel_slime, zin_scriptorium
D:8:      nicolae_dithmenos_shadow_blocks
D:9:      uniq_psyche
D:10:     david_lair_generic

Notes
Turn   | Place    | Note
--------------------------------------------------------------
     0 | D:1      | MarvinPA, the Mummy Ice Elementalist, began the quest for the Orb.
     0 | D:1      | Reached XP level 1. HP: 13/13 MP: 3/3
   466 | D:1      | Reached XP level 2. HP: 19/19 MP: 3/5
   491 | D:1      | Learned a level 2 spell: Throw Frost
  1562 | D:2      | Reached skill level 3 in Ice Magic
  1607 | D:2      | Reached XP level 3. HP: 24/24 MP: 1/6
  2126 | D:2      | Noticed Robin
  2392 | D:2      | Killed Robin
  2627 | D:2      | Reached skill level 3 in Spellcasting
  2706 | D:2      | Learned a level 3 spell: Ozocubu's Armour
  2747 | D:2      | Reached skill level 1 in Conjurations
  2747 | D:2      | Reached XP level 4. HP: 22/30 MP: 0/8
  3181 | D:2      | Found a deep blue altar of Sif Muna.
  3762 | D:3      | Found a shimmering altar of Xom.
  4148 | D:3      | Found a sparkling altar of Nemelex Xobeh.
  4344 | D:3      | Reached XP level 5. HP: 35/35 MP: 5/10
  4490 | D:3      | Reached skill level 2 in Conjurations
  4641 | D:3      | Found a basalt altar of Yredelemnul.
  4641 | D:3      | Found a burning altar of Makhleb.
  4644 | D:3      | Found a bloodstained altar of Trog.
  5038 | D:3      | Reached skill level 4 in Spellcasting
  5126 | D:4      | Reached XP level 6. HP: 41/41 MP: 4/12
  5538 | D:4      | Found an opulent altar of Gozag.
  5640 | D:4      | Became a worshipper of Gozag Ym Sagoz the Greedy
  5747 | D:4      | Reached skill level 4 in Ice Magic
  6633 | D:4      | Learned a level 4 spell: Throw Icicle
  6695 | D:4      | Reached skill level 3 in Conjurations
  6895 | D:5      | Entered Level 5 of the Dungeon
  6904 | D:5      | Reached XP level 7. HP: 46/46 MP: 1/13
  8253 | D:6      | Reached skill level 5 in Ice Magic
  8426 | D:6      | Reached skill level 4 in Conjurations
  8924 | D:6      | Reached XP level 8. HP: 40/52 MP: 0/14
  9033 | D:5      | Learned a level 4 spell: Summon Ice Beast
  9043 | D:6      | Reached skill level 1 in Summonings
  9216 | D:6      | Reached skill level 1 in Charms
  9318 | D:6      | Reached skill level 2 in Summonings
  9548 | D:6      | Found a snail-covered altar of Cheibriados.
  9550 | D:6      | Found an opulent altar of Gozag.
  9555 | D:6      | Reached skill level 2 in Charms
  9651 | D:6      | Found an iron altar of Okawaru.
  9741 | D:6      | Got a transparent hand axe
  9742 | D:6      | Identified the cursed +0 hand axe of Responsibility {chop, rC+} (You found it on level 6 of the Dungeon)
 10102 | D:6      | Noticed Duvessa
 10102 | D:6      | Noticed Dowan
 10116 | D:6      | Killed Dowan
 10262 | D:6      | Killed Duvessa
 10262 | D:6      | Reached skill level 3 in Summonings
 10405 | D:6      | Found a staircase to the Ecumenical Temple.
 10989 | D:7      | Noticed an oklob plant
 11010 | D:7      | Reached skill level 5 in Spellcasting
 11104 | D:7      | Reached skill level 6 in Ice Magic
 11157 | D:7      | Reached skill level 5 in Conjurations
 11157 | D:7      | Reached XP level 9. HP: 55/57 MP: 6/16
 11337 | D:7      | Killed an oklob plant
 11786 | D:7      | Learned a level 2 spell: Blink
 11790 | D:7      | Learned a level 3 spell: Mephitic Cloud
 12062 | D:7      | Found a glowing silver altar of Zin.
 12092 | D:7      | Identified a scroll of acquirement
 12397 | D:7      | Got a transparent buckler
 12403 | D:7      | Identified the +1 buckler of Amimeg {+Blink rC- Slay+3} (You acquired it on level 7 of the Dungeon)
 12552 | D:8      | Noticed oplop's ghost (experienced GrFi)
 12571 | D:8      | Killed oplop's ghost
 12571 | D:8      | Reached skill level 6 in Spellcasting
 12571 | D:8      | Reached skill level 6 in Conjurations
 12663 | D:8      | Found a shadowy altar of Dithmenos.
 12971 | D:8      | Reached skill level 1 in Air Magic
 12974 | D:8      | Reached skill level 1 in Translocations
 13678 | D:7      | Reached skill level 2 in Translocations
 13678 | D:7      | Reached skill level 2 in Air Magic
 14978 | D:9      | Reached XP level 10. HP: 63/63 MP: 10/19
 15045 | D:9      | Reached skill level 3 in Translocations
 15455 | D:9      | Reached skill level 1 in Fighting
 15636 | D:9      | Noticed Psyche
 16094 | D:9      | Upgraded the game from 0.17-a0-702-gb3a3556 to 0.17-a0-725-gfa8c127
 16159 | D:9      | Reached skill level 2 in Dodging
 16335 | D:9      | Reached skill level 2 in Fighting
 16497 | D:10     | Entered Level 10 of the Dungeon
 16497 | D:10     | Found Ycraov's Book Shop.
 16777 | D:10     | Reached skill level 3 in Dodging
 16931 | D:10     | Reached skill level 3 in Fighting
 17555 | D:9      | Slain by a yak

Vanquished Creatures
  A deep elf mage (D:10)
  2 yaks (D:9)
  A hungry ghost (D:9)
  A wraith (D:9)
  2 water moccasins
  A black bear (D:9)
  An ice beast (D:8)
  A phantom (D:9)
  2 sky beasts
  2 big kobolds
  4 centaurs
  4 ogres
  3 giant frogs
  Dowan (D:6)
  6 scorpions
  2 killer bees (D:7)
  2 giant frog zombies
  2 crimson imps (D:6)
  A goliath beetle (D:6)
  3 hounds
  6 orc priests
  3 iguanas
  13 jellies
  A gnoll shaman (D:6)
  3 orc wizards
  2 worker ants
  A killer bee zombie (D:8)
  2 hound skeletons
  Robin (D:2)
  12 adders
  13 gnolls
  2 shadow imps
  13 oozes
  An adder skeleton (D:5)
  2 adder zombies
  3 worms
  4 giant geckos
  37 orcs
  2 ball pythons (D:3)
  16 bats
  3 bat skeletons
  7 giant cockroaches
  16 goblins
  24 hobgoblins
  11 jackals
  19 kobolds
  6 quokkas
  7 giant newts
  A giant spore (D:6)
  A quokka skeleton (D:6)
  2 quokka zombies
  9 rats
  A ballistomycete (D:6)
286 creatures vanquished.

Vanquished Creatures (collateral kills)
  The ghost of oplop the Blocker, an experienced GrFi (D:8)
  An oklob plant (D:7)
  2 yaks (D:10)
  Duvessa (D:6)
  A sky beast (D:10)
  2 orc warriors
  A giant frog (D:8)
  2 killer bees (D:7)
  4 orc priests
  2 jellies (D:7)
  2 orc wizards
  3 oozes (D:7)
  4 orcs
  A bat (D:8)
  2 hobgoblins (D:10)
  A quokka (D:8)
30 creatures vanquished.

Vanquished Creatures (others)
  11 ice beasts
  An iguana (D:6)
  2 fungi (D:7)
14 creatures vanquished.

Grand Total: 330 creatures vanquished
